[Event "fics rated crazyhouse match"]
[Site "fics, Oklahoma City, OK USA"]
[Date "2000.03.06"]
[White "Eyefor"]
[WhiteElo "2381"]
[Black "LordPixel"]
[BlackElo "2478"]
[TimeControl "0+1"]
[Result "0-1"]

1. e4 Nf6 2. Nc3 d5 3. exd5 Nxd5 4. d4 e6 5. Nxd5 exd5 6. Nf3 
Nc6 7. Be2 P@h3 8. N@f4 hxg2 9. Nxg2 Bb4+ 10. Bd2 N@e4 11. Bxb4 Nxb4 
12. B@a4+ P@c6 13. P@d3 Nxf2 14. Kxf2 P@e4 15. dxe4 dxe4 16. P@e7 Qxe7 17. P@f6 
gxf6 18. N@g7+ Kf8 19. Nfe1 Kxg7 20. Nf4 B@h4+ 21. Ke3 N@d5+ 22. Kd2 P@e3+ 
23. Kc1 P@d2+ 24. Kb1 Nxf4 25. Bc4 Kf8 26. Bab3 N@f2 27. Ng2 Nxd1 28. Rxd1 
Nxg2 29. Bxf7 N@f5 30. P@c3 P@e2 31. Rxd2 e1=Q+ 32. Rd1 Qxd1+ 33. N@c1 Qxc1+ 
34. Kxc1 R@e1# 
{Eyefor checkmated} 0-1

[Event "fics rated crazyhouse match"]
[Site "fics, Oklahoma City, OK USA"]
[Date "2000.03.06"]
[White "LordPixel"]
[WhiteElo "2509"]
[Black "Eyefor"]
[BlackElo "2375"]
[TimeControl "0+1"]
[Result "1-0"]

1. e4 e6 2. d4 Nf6 3. e5 Nd5 4. Nf3 d6 5. exd6 cxd6 6. Be2 
Nc6 7. O-O Be7 8. c4 Nf6 9. P@c2 P@c7 10. Nc3 d5 11. Ne5 Ne4 
12. Nxc6 bxc6 13. Nxe4 dxe4 14. N@h5 N@f5 15. N@e5 Bb7 16. Nxf7 Kxf7 17. Nxg7 
Nxg7 18. P@h6 Nf5 19. Bh5+ Kg8 20. Qg4+ N@g5 21. Bxg5 Bxg5 22. N@f7 Qxd4 
23. Qxg5+ P@g6 24. B@c3 Qxc3 25. bxc3 B@e7 26. Qxf5 N@e2+ 27. Bxe2 N@f3+ 28. Bxf3 
B@f6 29. Ng5 Rf8 30. Qxe6+ Rf7 31. Qxf7# 
{Eyefor checkmated} 1-0

[Event "fics rated crazyhouse match"]
[Site "fics, Oklahoma City, OK USA"]
[Date "2000.03.06"]
[White "Eyefor"]
[WhiteElo "2370"]
[Black "LordPixel"]
[BlackElo "2533"]
[TimeControl "0+1"]
[Result "1-0"]

1. e4 Nf6 2. Nc3 e6 3. e5 Nd5 4. d4 Bb4 5. Bd2 Nxc3 6. bxc3 
N@b2 7. Qb1 Bxc3 8. Bxc3 Na4 9. Ne2 Nxc3 10. Nxc3 Nc6 11. N@b5 P@b4 
12. N@d6+ cxd6 13. Nxd6+ Kf8 14. B@c5 Kg8 15. Bxb4 Nxd4 16. P@e3 N@f3+ 17. Kd1 
Nxc2 18. gxf3 P@b3 19. Nxf7 Kxf7 20. N@d6+ Kg6 21. axb3 N@e1 22. Rg1+ P@g5 
23. Ncb5 Nxf3 24. Qxc2+ B@f5 25. N@f4+ Kh6 26. Nf7# 
{LordPixel checkmated} 1-0

[Event "fics rated crazyhouse match"]
[Site "fics, Oklahoma City, OK USA"]
[Date "2000.03.06"]
[White "LordPixel"]
[WhiteElo "2483"]
[Black "Eyefor"]
[BlackElo "2381"]
[TimeControl "0+1"]
[Result "1-0"]

1. d4 e6 2. Nc3 d6 3. e4 Nf6 4. Nf3 Nc6 5. Bb5 Ng4 6. Bxc6+ 
bxc6 7. N@g5 f6 8. Nh3 B@b4 9. Nf4 e5 10. dxe5 fxe5 11. P@f7+ Kxf7 
12. Nxe5+ Nxe5 13. P@d4 Bg4 14. f3 Qh4+ 15. Kf1 N@f2 16. Qd2 Nxh1 17. dxe5 
R@f2+ 18. Kg1 Rxd2 19. Bxd2 dxe5 20. fxg4 Bxc3 21. B@e6+ Ke8 22. N@f5 Qf2+ 
23. Kxh1 Bxd2 24. Nxg7+ Bxg7 25. P@f7+ Ke7 26. R@d7+ Kf6 27. N@h5+ Kg5 28. Nh3+ 
Kh6 29. Nxf2 N@f4 30. g5+ Kg6 31. Q@f5+ Kxh5 32. Qg4+ Kg6 33. Bf5# 
{Eyefor checkmated} 1-0

[Event "fics rated crazyhouse match"]
[Site "fics, Oklahoma City, OK USA"]
[Date "2000.03.06"]
[White "Eyefor"]
[WhiteElo "2375"]
[Black "LordPixel"]
[BlackElo "2506"]
[TimeControl "0+1"]
[Result "0-1"]

1. e4 Nf6 2. Nc3 d5 3. exd5 Nxd5 4. d4 e6 5. Nxd5 exd5 6. Nf3 
Nc6 7. Be2 P@h3 8. N@f4 hxg2 9. Nxg2 P@h3 10. Nf4 N@g2+ 11. Nxg2 hxg2 
12. Rg1 N@h4 13. N@g5 Nxf3+ 14. Nxf3 N@h4 15. N@c3 Nxf3+ 16. Bxf3 N@b4 17. N@e3 
Nxd4 18. Qxd4 Qe7 19. P@e5 P@c5 20. Qf4 d4 21. N@d5 dxe3 22. Nxe7 exf2+ 
23. Kxf2 N@h3+ 24. Kxg2 Nxf4+ 25. Bxf4 Q@h3+ 26. Kf2 Bxe7 27. N@d5 N@d3+ 28. cxd3 
Nxd3+ 29. Ke2 Nxf4+ 30. Nxf4 Qxh2+ 31. N@g2 B@c4+ 32. P@d3 P@g4 33. P@d7+ Bxd7 
34. Bxb7 P@f3+ 35. Bxf3 gxf3+ 36. Kxf3 B@d4 37. Rh1 P@g4+ 38. Ke2 P@f3+ 39. Kd2 
Bxc3+ 40. bxc3 Qg3 41. N@e4 fxg2 42. Nxg3 gxh1=Q 43. Nxh1 N@f3+ 44. Kc1 R@e1+ 
45. B@d1 Bxd3 46. Nxd3 P@d2+ 47. Kb2 N@c4+ 48. Kb3 Rxd1 49. Rxd1 B@a4+ 50. Kxc4 
Bdb5+ 51. Kd5 Bxd3 52. Nf2 N@e3# 
{Eyefor checkmated} 0-1

[Event "fics rated crazyhouse match"]
[Site "fics, Oklahoma City, OK USA"]
[Date "2000.03.06"]
[White "LordPixel"]
[WhiteElo "2525"]
[Black "Eyefor"]
[BlackElo "2370"]
[TimeControl "0+1"]
[Result "0-1"]

1. d4 e6 2. Nc3 d6 3. e4 Nf6 4. Nf3 Nc6 5. Bb5 Ng4 6. Ng5 
h5 7. Bxc6+ bxc6 8. Nxf7 Qf6 9. P@f3 Nxf2 10. Kxf2 Qxf7 11. Ke1 B@h4+ 
12. g3 N@g2+ 13. Kf1 P@b4 14. Kxg2 bxc3 15. gxh4 cxb2 16. N@g5 bxc1=Q 17. Qxc1 
N@f4+ 18. Kg1 Ne2+ 19. Kf2 Nxc1 20. Nxf7 Q@e2+ 21. Kg3 B@f2+ 22. Kg2 P@h3+ 
23. Kxh3 Qxf3+ 24. P@g3 P@g4# 
{LordPixel checkmated} 0-1

[Event "fics rated crazyhouse match"]
[Site "fics, Oklahoma City, OK USA"]
[Date "2000.03.06"]
[White "Eyefor"]
[WhiteElo "2381"]
[Black "LordPixel"]
[BlackElo "2486"]
[TimeControl "0+1"]
[Result "1-0"]

1. e4 e6 2. d4 Nc6 3. Be3 d5 4. e5 Be7 5. Nh3 h6 6. Be2 
Bg5 7. O-O Bxe3 8. fxe3 B@f5 9. Nf4 Bd7 10. B@h5 g6 11. Bhg4 Bxg4 
12. Bxg4 g5 13. Nd3 B@f5 14. B@h5 Qe7 15. Qf3 Nxe5 16. Nxe5 P@e4 17. Bxf7+ 
Qxf7 18. Qxf5 exf5 19. Nxf7 Kxf7 20. N@e5+ Ke8 21. Q@f7+ Kd8 22. Qxd7# 
{LordPixel checkmated} 1-0

[Event "fics rated crazyhouse match"]
[Site "fics, Oklahoma City, OK USA"]
[Date "2000.03.06"]
[White "LordPixel"]
[WhiteElo "2453"]
[Black "Eyefor"]
[BlackElo "2391"]
[TimeControl "0+1"]
[Result "1-0"]

1. e4 Nf6 2. Nc3 d5 3. exd5 Nxd5 4. Nf3 e6 5. d4 Nxc3 6. bxc3 
N@e4 7. P@b2 Nxf2 8. Kxf2 P@e4 9. Bb5+ P@c6 10. Bg5 f6 11. Ne5 fxg5 
12. Bxc6+ Nxc6 13. Qh5+ B@g6 14. P@f7+ Ke7 15. Qxg5+ B@f6 16. Qxf6+ gxf6 17. B@c5+ 
Q@d6 18. Bxd6+ cxd6 19. N@g8+ Rxg8 20. Nxc6+ bxc6 21. fxg8=Q e3+ 22. Ke2 N@f4+ 
23. Kxe3 B@f7 24. Qh8 N@c4+ 25. Kf2 Bxc2 26. R@h4 Nd3+ 27. Ke2 Ndxb2 28. N@b4 
P@d3+ 29. Kf2 P@b7 30. Nxc6+ bxc6 31. P@g7 Bxg7 32. Qxg7 P@e3+ 33. Kf1 e2+ 
34. Ke1 d2+ 35. Kxe2 N@f5 36. Qg4 Nce3 37. Qf3 d1=Q+ 38. Rhxd1 Bxd1+ 39. Rxd1 
Ba6+ 40. Kd2 R@c2+ 41. Ke1 Nxh4 42. N@g8+ Qxg8 43. B@f8+ Qxf8 44. Q@c7+ R@d7 
45. Qxf6+ Kxf6 46. P@e5+ Ke7 47. exd6+ Ke8 48. Qxd7+ Kxd7 49. R@c7+ Kd8 50. B@g5+ 
P@e7 51. dxe7+ Qxe7 52. Bxe7# 
{Eyefor forfeits on time} 1-0

[Event "fics rated crazyhouse match"]
[Site "fics, Oklahoma City, OK USA"]
[Date "2000.03.06"]
[White "Eyefor"]
[WhiteElo "2384"]
[Black "LordPixel"]
[BlackElo "2473"]
[TimeControl "0+1"]
[Result "0-1"]

1. e4 Nf6 2. Nc3 d5 3. exd5 Nxd5 4. Nf3 e6 5. d4 Nxc3 6. bxc3 
N@e4 7. P@b2 Nxf2 8. Kxf2 P@e4 9. Bb5+ P@c6 10. Bg5 f6 11. Ne5 fxg5 
12. Bxc6+ Nxc6 13. Qh5+ B@g6 14. P@f7+ Ke7 15. Qxg5+ B@f6 16. Qxf6+ gxf6 17. B@c5+ 
Q@d6 18. Bxd6+ cxd6 19. N@g8+ Rxg8 20. Nxc6+ bxc6 21. fxg8=Q e3+ 22. Ke2 N@f4+ 
23. Kxe3 B@f7 24. Qh8 N@c4+ 25. Kf2 Bxc2 26. R@h4 Nd3+ 27. Ke2 Ndxb2 28. N@b4 
P@d3+ 29. Kf2 P@b7 30. Nxc6+ bxc6 31. P@g7 Bxg7 32. Qxd8+ Kxd8 33. Q@e7+ Kxe7 
34. N@c7 Q@e3+ 35. Kf1 N@d2# 
{Eyefor checkmated} 0-1

[Event "fics rated crazyhouse match"]
[Site "fics, Oklahoma City, OK USA"]
[Date "2000.03.06"]
[White "LordPixel"]
[WhiteElo "2490"]
[Black "Eyefor"]
[BlackElo "2378"]
[TimeControl "0+1"]
[Result "0-1"]

1. e4 Nf6 2. Nc3 d5 3. exd5 Nxd5 4. d4 e6 5. Nxd5 exd5 6. Nf3 
Nc6 7. Be2 P@h3 8. N@f4 hxg2 9. Nxg2 Bb4+ 10. Bd2 N@e4 11. Bxb4 Nxb4 
12. B@a4+ P@c6 13. P@d3 Nxf2 14. Kxf2 P@e4 15. dxe4 dxe4 16. Ne5 Nd3+ 17. Nxd3 
Qxd4+ 18. Ke1 exd3 19. P@f2 Qe4 20. N@d6+ cxd6 21. N@c7+ Kd7 22. Qxd3 B@a5+ 
23. P@c3 Qxg2 24. Qd5 P@d2+ 25. Kd1 Qxh1+ 26. Qxh1 R@e1+ 27. Kxd2 Rxh1 28. Q@f5+ 
Kd8 29. Ne6+ Bxe6 30. Qxa5+ Ke8 31. Bxc6+ bxc6 32. Rxh1 N@f3+ 33. Bxf3 N@c4+ 
34. Ke2 N@f4+ 35. Kf1 N@d2+ 36. Ke1 Nxf3+ 37. Kf1 Q@e1# 
{LordPixel checkmated} 0-1

[Event "fics rated crazyhouse match"]
[Site "fics, Oklahoma City, OK USA"]
[Date "2000.03.06"]
[White "Eyefor"]
[WhiteElo "2388"]
[Black "LordPixel"]
[BlackElo "2462"]
[TimeControl "0+1"]
[Result "1-0"]

1. e4 e6 2. d4 Nc6 3. d5 exd5 4. exd5 Qe7+ 5. Qe2 Nb4 6. P@e4 
P@f5 7. a3 fxe4 8. axb4 Qxb4+ 9. N@c3 P@f5 10. Ra4 Qd6 11. Rxe4+ fxe4 
12. P@d3 R@h4 13. Nxe4 Rxe4 14. Qxe4+ N@e5 15. P@d4 Nf6 16. Qxe5+ Qxe5+ 17. dxe5 
P@a2 18. exf6 axb1=Q 19. R@d8+ Kxd8 20. Q@g5 R@g6 21. Qd2 Bb4 22. N@c3 Bxc3 
23. bxc3 Q@e5+ 24. N@e4 Rxf6 25. B@d4 P@b2 26. Ne2 bxc1=B 27. Nxc1 Qe7 28. Bxf6 
gxf6 29. P@g7 Re8 30. R@f8 f5 31. Rxe8+ Qxe8 32. R@f8 Qxc1+ 33. Qxc1 fxe4 
34. Rxe8+ Kxe8 35. Q@f8# 
{LordPixel checkmated} 1-0

[Event "fics rated crazyhouse match"]
[Site "fics, Oklahoma City, OK USA"]
[Date "2000.03.06"]
[White "LordPixel"]
[WhiteElo "2438"]
[Black "Eyefor"]
[BlackElo "2398"]
[TimeControl "0+1"]
[Result "1-0"]

1. e4 e6 2. d4 d5 3. exd5 exd5 4. Bb5+ Nc6 5. Qe2+ Qe7 6. Bf4 
Qxe2+ 7. Nxe2 Bb4+ 8. Nbc3 Ba5 9. P@a6 Bxc3+ 10. Nxc3 N@b4 11. Bxc6+ bxc6 
12. Q@a4 Q@e7+ 13. N@e5 P@f3 14. gxf3 Nxc2+ 15. Qxc2 P@g2 16. Rg1 B@f5 17. Qa4 
Qxe5+ 18. Bxe5 N@d3+ 19. Ke2 Bcd7 20. Bxg7 Nf4+ 21. Kd1 Ng6 22. Bxh8 Nxh8 
23. Q@e5+ B@e6 24. Qxh8 f6 25. N@g7+ Ke7 26. Qa3+ Kf7 27. B@h5+ Bg6 28. N@h6+ 
Nxh6 29. R@e7# 
{Eyefor checkmated} 1-0

[Event "fics rated crazyhouse match"]
[Site "fics, Oklahoma City, OK USA"]
[Date "2000.03.06"]
[White "Eyefor"]
[WhiteElo "2391"]
[Black "LordPixel"]
[BlackElo "2455"]
[TimeControl "0+1"]
[Result "1-0"]

1. e4 e6 2. d4 Nf6 3. e5 Nd5 4. Nf3 Nc6 5. Be2 d6 6. exd6 
Bxd6 7. O-O O-O 8. Nc3 Nxc3 9. bxc3 N@e4 10. P@b2 P@g4 11. Nd2 Nxd2 
12. Bxd2 Bxh2+ 13. Kxh2 N@a4 14. N@c4 P@d5 15. B@b3 Nxc3 16. Bxc3 dxc4 17. Bexc4 
P@b4 18. Bxb4 Nxb4 19. Kh1 Qh4+ 20. P@h2 N@e4 21. Qe1 B@f4 22. P@g3 Nxc2 
23. Qxe4 Qh5 24. N@e7+ Kh8 25. Bxc2 Bxg3 26. fxg3 P@f5 27. Qf4 P@d6 28. N@g5 
h6 29. Nxf7+ Qxf7 30. N@g6+ Qxg6 31. Nxg6+ Kg8 32. Q@h8+ Kf7 33. Qxf5+ Ke8 
34. Qfxf8+ Kd7 35. Qe8# 
{LordPixel checkmated} 1-0

[Event "fics rated crazyhouse match"]
[Site "fics, Oklahoma City, OK USA"]
[Date "2000.03.06"]
[White "LordPixel"]
[WhiteElo "2434"]
[Black "Eyefor"]
[BlackElo "2400"]
[TimeControl "0+1"]
[Result "1-0"]

1. e4 e6 2. d4 d6 3. Nf3 Nf6 4. Bd3 Be7 5. e5 Nd5 6. O-O 
dxe5 7. Nxe5 P@f6 8. Nxf7 Kxf7 9. P@e4 Ke8 10. exd5 Qxd5 11. N@h5 Bf8 
12. Nc3 Qd7 13. P@h6 N@h4 14. hxg7 Bxg7 15. P@h6 Rg8 16. hxg7 Qf7 17. Ne4 
P@e7 18. B@h6 P@g6 19. Bcg5 gxh5 20. Bxh4 Rxg7 21. Bxg7 Qxg7 22. Qxh5+ P@f7 
23. Bb5+ N@c6 24. N@c5 B@f4 25. Bg3 Bxg3 26. hxg3 B@f5 27. P@h6 Qf8 28. B@g7 
Bg6 29. Bxf8 Bxh5 30. Nxf6+ exf6 31. Q@e7# 
{Eyefor checkmated} 1-0

[Event "fics rated crazyhouse match"]
[Site "fics, Oklahoma City, OK USA"]
[Date "2000.03.06"]
[White "Eyefor"]
[WhiteElo "2393"]
[Black "LordPixel"]
[BlackElo "2450"]
[TimeControl "0+1"]
[Result "0-1"]

1. e4 e6 2. d4 d5 3. exd5 exd5 4. Bb5+ Nc6 5. Qe2+ Qe7 6. Bf4 
Qxe2+ 7. Nxe2 Bb4+ 8. Nbc3 Ba5 9. P@a6 Bxc3+ 10. Nxc3 N@b4 11. Bxc6+ bxc6 
12. Q@a4 Q@e7+ 13. N@e5 P@b5 14. Nxb5 cxb5 15. Qxb5+ B@d7 16. Qe2 Bxa6 17. B@d3 
Bxd3 18. cxd3 N@c2+ 19. Kf1 Nxa1 20. P@b7 R@b1+ 21. B@e1 Rd8 22. Nxd7 Qxe2+ 
23. Kxe2 Q@d1+ 24. Kf1 Qxe1# 
{Eyefor checkmated} 0-1

[Event "fics rated crazyhouse match"]
[Site "fics, Oklahoma City, OK USA"]
[Date "2000.03.06"]
[White "LordPixel"]
[WhiteElo "2464"]
[Black "Eyefor"]
[BlackElo "2386"]
[TimeControl "0+1"]
[Result "1-0"]

1. e4 Nf6 2. Nc3 e6 3. e5 Nd5 4. d4 Bb4 5. Bd2 Nxc3 6. bxc3 
N@b2 7. Qb1 Bxc3 8. Bxc3 Na4 9. Ne2 P@e4 10. B@h5 Qe7 11. Qb4 Qxb4 
12. Bxf7+ Kxf7 13. N@g5+ Kg6 14. Bxb4 Kxg5 15. Q@g3+ N@g4 16. Qf4+ Kg6 17. Qxg4+ 
Kf7 18. N@g5+ Ke8 19. Qh5+ B@g6 20. Qxg6+ hxg6 21. P@f7+ Kd8 22. B@e7# 
{Eyefor checkmated} 1-0

[Event "fics rated crazyhouse match"]
[Site "fics, Oklahoma City, OK USA"]
[Date "2000.03.06"]
[White "Eyefor"]
[WhiteElo "2380"]
[Black "LordPixel"]
[BlackElo "2476"]
[TimeControl "0+1"]
[Result "0-1"]

1. e4 Nf6 2. Nc3 d5 3. exd5 Nxd5 4. Nf3 e6 5. d4 Nxc3 6. bxc3 
N@e4 7. P@b2 Nxf2 8. Kxf2 P@e4 9. Bb5+ P@c6 10. Bg5 f6 11. Ne5 fxg5 
12. Bxc6+ Nxc6 13. Qh5+ B@g6 14. P@f7+ Ke7 15. Qxg5+ B@f6 16. Qxf6+ gxf6 17. B@c5+ 
Q@d6 18. N@g8+ Rxg8 19. Bxd6+ cxd6 20. Nxc6+ bxc6 21. fxg8=Q e3+ 22. Ke2 N@f4+ 
23. Kxe3 B@f7 24. Qh8 N@c4+ 25. Kf2 Bxc2 26. R@h4 Nd3+ 27. Ke2 Ndxb2 28. N@b4 
P@d3+ 29. Kf2 P@b7 30. Nxc6+ bxc6 31. P@g7 Bxg7 32. Qxd8+ Kxd8 33. Q@e7+ Kxe7 
34. N@c7 Q@e3+ 35. Kf1 N@d2# 
{Eyefor checkmated} 0-1

[Event "fics rated crazyhouse match"]
[Site "fics, Oklahoma City, OK USA"]
[Date "2000.03.06"]
[White "LordPixel"]
[WhiteElo "2487"]
[Black "Eyefor"]
[BlackElo "2374"]
[TimeControl "0+1"]
[Result "0-1"]

1. e4 Nf6 2. Nc3 d5 3. exd5 Nxd5 4. Nf3 e6 5. d4 Nxc3 6. bxc3 
N@e4 7. P@b2 Nxf2 8. Kxf2 P@e4 9. Bb5+ P@c6 10. Bg5 f6 11. Ne5 fxg5 
12. Bxc6+ Nxc6 13. Qh5+ B@g6 14. P@f7+ Ke7 15. Qxg5+ B@f6 16. Qxf6+ gxf6 17. B@c5+ 
Q@d6 18. Bxd6+ cxd6 19. N@g8+ Rxg8 20. Nxc6+ bxc6 21. fxg8=Q e3+ 22. Ke1 B@d2+ 
23. Kf1 Ba6+ 24. P@d3 Baxd3+ 25. cxd3 Bxd3+ 26. B@e2 Bxe2+ 27. Kxe2 B@c4+ 28. Kd1 
N@f2+ 29. Kc2 P@d3+ 30. Kb1 P@c2# 
{LordPixel checkmated} 0-1

[Event "fics rated crazyhouse match"]
[Site "fics, Oklahoma City, OK USA"]
[Date "2000.03.06"]
[White "LordPixel"]
[WhiteElo "2479"]
[Black "Eyefor"]
[BlackElo "2378"]
[TimeControl "0+1"]
[Result "0-1"]

1. e4 Nf6 2. Nc3 d5 3. exd5 Nxd5 4. d4 e6 5. Nxd5 exd5 6. Nf3 
Nc6 7. Be2 P@h3 8. N@f4 hxg2 9. Nxg2 P@h3 10. Nf4 N@g2+ 11. Nxg2 hxg2 
12. Rg1 N@h4 13. N@c3 Nxf3+ 14. Bxf3 N@b4 15. N@e3 Nxd4 16. Qxd4 Qe7 17. P@e5 
P@c5 18. Qf4 d4 19. N@d5 dxe3 20. Nxe7 exf2+ 21. Kxf2 N@h3+ 22. Kxg2 Nxf4+ 
23. Bxf4 Q@h3+ 24. Kf2 Bxe7 25. N@d5 N@d3+ 26. cxd3 Nxd3+ 27. Ke2 Nxf4+ 28. Nxf4 
Qxh2+ 29. N@g2 B@c4+ 30. P@d3 P@g4 31. P@d7+ Bxd7 32. Bxb7 P@f3+ 33. Kd2 fxg2 
34. dxc4 Qxf4+ 35. Kc2 N@b4+ 36. Kd1 Qd4+ 37. B@d2 P@c2+ 38. Ke2 N@g3+ 39. Ke1 
P@f2# 
{LordPixel checkmated} 0-1

[Event "fics rated crazyhouse match"]
[Site "fics, Oklahoma City, OK USA"]
[Date "2000.03.06"]
[White "Eyefor"]
[WhiteElo "2388"]
[Black "LordPixel"]
[BlackElo "2462"]
[TimeControl "0+1"]
[Result "0-1"]

1. e4 e6 2. d4 Nf6 3. e5 Nd5 4. Nf3 Nc6 5. Be2 d6 6. exd6 
cxd6 7. O-O Be7 8. c4 Nb6 9. Nc3 P@g4 10. Ne1 e5 11. d5 Nd4 
12. Bxg4 Nxc4 13. Qa4+ Kf8 14. P@d7 Bxd7 15. Qxd7 Qxd7 16. Bxd7 P@d2 17. Bxd2 
Nxd2 18. Rd1 Nxf1 19. Kxf1 R@h1+ 20. N@g1 P@e2+ 21. Nxe2 Nxe2 22. Kxe2 N@f4+ 
23. Kd2 Rxg1 24. Q@b5 Q@d4+ 25. N@d3 N@c4+ 26. Kc2 Nxd3 27. Nxd3 N@a3+ 28. bxa3 
Nxa3+ 29. Kd2 Nxb5 30. Bxb5 Q@b4+ 31. Ke2 Qxd3+ 32. Bxd3 N@d4+ 33. Ke3 P@f4+ 
34. Ke4 B@f5# 
{Eyefor checkmated} 0-1

[Event "fics rated crazyhouse match"]
[Site "fics, Oklahoma City, OK USA"]
[Date "2000.03.06"]
[White "LordPixel"]
[WhiteElo "2472"]
[Black "Eyefor"]
[BlackElo "2382"]
[TimeControl "0+1"]
[Result "0-1"]

1. e4 e6 2. d4 d6 3. Nf3 Nf6 4. Nc3 Nc6 5. d5 exd5 6. exd5 
Nb4 7. Be2 Qe7 8. O-O Bg4 9. Be3 Bxf3 10. Bxf3 N@f5 11. B@a4+ P@d7 
12. Bf4 Rb8 13. Re1 Nbxd5 14. Rxe7+ Ndxe7 15. P@g5 R@d4 16. Qc1 Nfd5 17. Bxd5 
Nxd5 18. Nxd5 Rxd5 19. Q@e2+ N@e5 20. Bxe5 Rxe5 21. Qh5 B@g6 22. Qh3 P@e2 
23. N@b5 Rxb5 24. Bxb5 N@d4 25. R@e4+ B@e6 26. Bxe2 Nxe2+ 27. Rxe2 Nd4 28. Rxe6+ 
dxe6 29. B@a4+ B@c6 30. Bxc6+ bxc6 31. B@d3 B@f5 32. Qhe3 Bxd3 33. cxd3 R@c2 
34. Qxd4 Rxc1+ 35. Rxc1 B@b6 36. Qc3 Bxf2+ 37. Kxf2 Q@f5+ 38. R@f3 Qb5 39. P@d7+ 
Kxd7 40. Rxf7+ Bxf7 41. Qxc6+ Qxc6 42. Rxc6 Rxb2+ 43. P@c2 R@d2+ 44. P@e2 Rbxc2 
45. Rxc2 P@e3+ 46. Kxe3 Rxc2 47. R@d8+ Kc6 48. N@b4+ Kb5 49. Nxc2 Q@c1+ 50. N@d2 
Qg1+ 51. P@f2 P@f4+ 52. Kxf4 Qxf2+ 53. N@f3 e5+ 54. Kg4 Qxg2+ 55. P@g3 R@f4# 
{LordPixel checkmated} 0-1

[Event "fics rated crazyhouse match"]
[Site "fics, Oklahoma City, OK USA"]
[Date "2000.03.06"]
[White "Eyefor"]
[WhiteElo "2392"]
[Black "LordPixel"]
[BlackElo "2456"]
[TimeControl "0+1"]
[Result "1-0"]

1. e4 e6 2. d4 d6 3. Nf3 Nf6 4. Bd3 Be7 5. e5 Nd5 6. O-O 
Nc6 7. Bb5 dxe5 8. Nxe5 Bd7 9. Bxc6 Bxc6 10. P@e4 Nf6 11. Nxf7 Kxf7 
12. N@g5+ Ke8 13. Nxe6 Bxe4 14. Nxd8 Bxd8 15. Q@e6+ Kf8 16. P@h6 N@f5 17. P@d6 
P@f7 18. hxg7+ Kxg7 19. Qe5 cxd6 20. Qf4 N@e6 21. Qxe4 Nxe4 22. Qg4+ Kf8 
23. Qxf5 Q@e2 24. B@d3 B@g6 25. Qb5 Qg4 26. N@d7+ Kg8 27. Bxe4 P@g7 28. P@f3 
Nc7 29. fxg4 
{LordPixel forfeits on time} 1-0

[Event "fics rated crazyhouse match"]
[Site "fics, Oklahoma City, OK USA"]
[Date "2000.03.06"]
[White "LordPixel"]
[WhiteElo "2442"]
[Black "Eyefor"]
[BlackElo "2401"]
[TimeControl "0+1"]
[Result "0-1"]

1. e4 e6 2. d4 d6 3. Nc3 Nf6 4. Nf3 Be7 5. Be2 Nc6 6. Bf4 
Nh5 7. Be3 Nf6 8. Ng5 h6 9. Nxf7 Kxf7 10. P@b5 N@h4 11. Rg1 Nb4 
12. g3 Ng6 13. a3 Nxc2+ 14. Qxc2 Ke8 15. N@h5 Nxh5 16. Bxh5 P@f7 17. N@d3 
N@c4 18. Bxg6 fxg6 19. N@f4 B@f7 20. Nd1 e5 21. dxe5 Nxe5 22. P@g2 Ng4 
23. Bd4 P@e5 24. Bc3 exf4 25. Bxg7 N@b3 26. Bxh8 Nxa1 27. Qb1 fxg3 28. hxg3 
P@h2 29. Rf1 Bc4 30. R@g8+ Bxg8 31. Qxa1 R@g1 32. N@g7+ Kf8 33. P@f3 Rxf1+ 
34. Kxf1 h1=Q+ 35. Ke2 R@c2+ 36. P@d2 Nxf2 37. R@f4+ P@f6 38. Ne1 Bc4+ 39. Nd3 
R@e1+ 40. Kxf2 Qg1# 
{LordPixel checkmated} 0-1

[Event "fics rated crazyhouse match"]
[Site "fics, Oklahoma City, OK USA"]
[Date "2000.03.06"]
[White "Eyefor"]
[WhiteElo "2410"]
[Black "LordPixel"]
[BlackElo "2429"]
[TimeControl "0+1"]
[Result "0-1"]

1. e4 e6 2. d4 Nf6 3. e5 Nd5 4. Nf3 Nc6 5. Be2 d6 6. exd6 
cxd6 7. O-O Be7 8. c4 Nb6 9. Nc3 P@g4 10. Ne1 e5 11. d5 Nd4 
12. Bxg4 Nxc4 13. Qa4+ Kf8 14. P@d7 Bxd7 15. Qxd7 Qxd7 16. Bxd7 P@d2 17. Bxd2 
Nxd2 18. Rd1 Nxf1 19. Kxf1 R@h1+ 20. B@g1 P@e2+ 21. Nxe2 Nxe2 22. N@g3 Nxg3+ 
23. fxg3 B@c4+ 24. P@d3 N@e3+ 25. Kf2 Nxd1+ 26. Ke2 R@e4+ 27. P@e3 N@d4+ 28. Kxd1 
Q@e2+ 29. Kc1 Qxe1+ 30. N@d1 N@e2+ 31. Kb1 Qxd1+ 32. N@c1 Qxc1# 
{Eyefor checkmated} 0-1

[Event "fics rated crazyhouse match"]
[Site "fics, Oklahoma City, OK USA"]
[Date "2000.03.06"]
[White "LordPixel"]
[WhiteElo "2440"]
[Black "Eyefor"]
[BlackElo "2402"]
[TimeControl "0+1"]
[Result "1-0"]

1. e4 e6 2. d4 d5 3. exd5 exd5 4. Bb5+ Bd7 5. Qe2+ Qe7 6. Bxd7+ 
Nxd7 7. Bf4 Qxe2+ 8. Nxe2 Bb4+ 9. Nbc3 Ba5 10. B@h3 Bxc3+ 11. Nxc3 Q@e7+ 
12. P@e6 fxe6 13. Bxc7 N@b4 14. B@d3 Nxd3+ 15. cxd3 P@d2+ 16. Kxd2 B@g5+ 17. P@f4 
P@b4 18. Q@h5+ B@g6 19. Qxg5 bxc3+ 20. bxc3 N@b5 21. Qxe7+ Nxe7 22. N@d6+ Nxd6 
23. Bxd6 Q@b2+ 24. P@c2 N@c4+ 25. dxc4 Qxc2+ 26. Ke1 Qxc3+ 27. B@d2 Qxa1+ 28. Q@c1 
R@e4+ 29. P@e3 Qxc1+ 30. Bxc1 Q@c3+ 31. Bd2 Rxe3+ 32. fxe3 P@f2+ 33. Kxf2 Qxd2+ 
34. R@e2 P@g3+ 35. hxg3 Qd3 36. N@c7+ Kf7 37. Bxe6+ Kf8 38. Bxe7+ Kxe7 39. Nxd5+ 
Kd8 40. P@e7+ Ke8 41. N@d6# 
{Eyefor checkmated} 1-0

[Event "fics rated crazyhouse match"]
[Site "fics, Oklahoma City, OK USA"]
[Date "2000.03.06"]
[White "Eyefor"]
[WhiteElo "2395"]
[Black "LordPixel"]
[BlackElo "2450"]
[TimeControl "0+1"]
[Result "1-0"]

1. d4 e6 2. Nc3 d6 3. e4 Nf6 4. Nf3 Nc6 5. Bb5 Ng4 6. Ng5 
h5 7. Bxc6+ bxc6 8. Nxf7 Qf6 9. P@f3 Nxf2 10. Kxf2 Qxf7 11. Ke1 B@h4+ 
12. N@g3 P@f4 13. Bxf4 Qxf4 14. P@f2 Bxg3 15. hxg3 Qh6 16. N@g4 Qh7 17. B@d3 
B@b4 18. Qd2 Bxc3 19. Qxc3 Bb7 20. Qb3 N@d8 21. B@f6 N@f7 22. Bxd8 Nxd8 
23. N@f6+ gxf6 24. Nxf6+ Kf7 25. Nxh7 Rxh7 26. P@g6+ Ke8 27. gxh7 N@a5 28. Qc3 
N@e3 29. fxe3 N@d7 30. Qxa5 Nf7 31. Qxc7 B@c8 32. Q@g6 Ke7 33. N@g8+ Ke8 
34. R@d8# 
{LordPixel checkmated} 1-0

[Event "fics rated crazyhouse match"]
[Site "fics, Oklahoma City, OK USA"]
[Date "2000.03.06"]
[White "LordPixel"]
[WhiteElo "2438"]
[Black "Eyefor"]
[BlackElo "2404"]
[TimeControl "0+1"]
[Result "0-1"]

1. e4 Nf6 2. Nc3 e6 3. e5 Nd5 4. d4 Bb4 5. Bd2 Nxc3 6. bxc3 
N@b2 7. Qb1 Bxc3 8. Bxc3 Na4 9. N@b5 P@a6 10. B@h4 Nxc3 11. Bxd8 B@d2+ 
12. Kxd2 Nxb1+ 13. Rxb1 Kxd8 14. B@g5+ f6 15. N@f7+ Ke7 16. exf6+ gxf6 17. P@g7 
Rg8 18. Nxc7 B@a5+ 19. Kc1 Q@e1+ 20. Kb2 Bc3+ 21. Kb3 Qxb1+ 22. Kxc3 fxg5 
23. B@f8+ Rxf8 24. Q@d6+ Kf6 25. gxf8=Q Qxf1 26. Nxa8 R@c6+ 27. P@c5 B@a1+ 28. R@b2 
B@a5+ 29. R@b4 Qe1+ 30. Kd3 B@f1+ 31. Ne2 Qxe2+ 32. Kc3 Qe1+ 33. Kb3 Qxb4# 
{LordPixel checkmated} 0-1

[Event "fics rated crazyhouse match"]
[Site "fics, Oklahoma City, OK USA"]
[Date "2000.03.06"]
[White "Eyefor"]
[WhiteElo "2413"]
[Black "LordPixel"]
[BlackElo "2427"]
[TimeControl "0+1"]
[Result "0-1"]

1. e4 Nf6 2. Nc3 d5 3. exd5 Nxd5 4. d4 e6 5. Nxd5 exd5 6. Nf3 
Nc6 7. Be2 P@h3 8. N@f4 hxg2 9. Nxg2 P@h3 10. Ne3 N@g2+ 11. Nxg2 hxg2 
12. Rg1 N@h4 13. N@c3 Nxf3+ 14. Bxf3 N@b4 15. N@e3 Nxd4 16. Qxd4 Qe7 17. P@e5 
P@c5 18. Qf4 d4 19. N@d5 dxe3 20. Nxe7 exf2+ 21. Kxf2 N@h3+ 22. Kxg2 Nxf4+ 
23. Bxf4 Q@h3+ 24. Kf2 Bxe7 25. Rxg7 N@d3+ 26. cxd3 Nxd3+ 27. Ke3 P@d4+ 28. Kxd3 
Qxf3+ 29. P@e3 dxc3 30. P@g2 cxb2 31. gxf3 bxa1=Q 32. P@f6 Qd1+ 33. N@d2 B@e2+ 
34. Ke4 N@c3# 
{Eyefor checkmated} 0-1

[Event "fics rated crazyhouse match"]
[Site "fics, Oklahoma City, OK USA"]
[Date "2000.03.06"]
[White "LordPixel"]
[WhiteElo "2437"]
[Black "Eyefor"]
[BlackElo "2405"]
[TimeControl "0+1"]
[Result "0-1"]

1. e4 e6 2. d4 d5 3. exd5 exd5 4. Bb5+ c6 5. Qe2+ Qe7 6. Bf4 
cxb5 7. P@c7 B@b4+ 8. Nd2 Bxd2+ 9. Bxd2 Nc6 10. Qxe7+ Ngxe7 11. B@e3 Q@e4 
12. Nf3 Qxc2 13. Ne5 N@h4 14. Q@g5 Nxe5 15. dxe5 N@f3+ 16. gxf3 Nxf3+ 17. Ke2 
Nxg5 18. N@d6+ Kd7 19. Bxg5 P@f3+ 20. Kxf3 Qxb2 21. N@c5+ Kxc7 22. N@e8+ Kc6 
23. Bxe7 Q@g4+ 24. Ke3 Qbd4# 
{LordPixel checkmated} 0-1